 Dungeon Crawl Stone Soup version 0.27-a0-720-g3f424a255b (webtiles) character file.

Game seed: 11669914175129878226

429 DarkShadow the Shield-Bearer (level 7, -8/55 HPs)
             Began as a Formicid Fighter on Mar 23, 2021.
             Was a Follower of the Shining One.
             Mangled by an orc warrior
             ... wielding a +0 hand axe
              (11 damage)
             ... on level 12 of the Dungeon.
             The game lasted 00:10:48 (3792 turns).

DarkShadow the Shield-Bearer (Formicid Fighter)     Turns: 3792, Time: 00:10:49

Health: -8/55      AC:  7    Str: 21    XL:     7   Next: 19%
Magic:  7/7        EV:  9    Int:  7    God:    the Shining One [*.....]
Gold:   120        SH: 12    Dex: 12    Spells: 6/6 levels left

rFire    . . .     SeeInvis +   g - +0 spear
rCold    . . .     Faith    .   c - +2 kite shield
rNeg     . . .     Spirit   .   b - +0 scale mail
rPois    .         Reflect  .   (helmet unavailable)
rElec    .         Harm     .   (no cloak)
rCorr    .         Rampage  .   (no gloves)
Will     .....                  (no boots)
Stlth    ..........             (no amulet)
HPRegen  0.18/turn              (no ring)
MPRegen  0.10/turn              (no ring)

@: glowing
A: permanent stasis, dig shafts and tunnels, antennae 3, four strong arms
a: Dig, Shaft Self, Renounce Religion


You were on level 12 of the Dungeon.
You worshipped the Shining One.
The Shining One was aware of your devotion.
You visited 1 branch of the dungeon, and saw 8 of its levels.

You collected 120 gold pieces.

Inventory:

Hand Weapons
 a - a +0 war axe
 g - a +0 spear (weapon)
Armour
 b - a +0 scale mail (worn)
 c - a +2 kite shield (worn)
Potions
 d - a potion of might
 e - a potion of lignification
 f - a potion of magic {unknown}
 h - a potion of mutation {unknown}
 j - a potion of flight {unknown}


   Skills:
 + Level 4.4 Fighting
 + Level 4.5(4.7) Axes
 + Level 1.3(3.1) Polearms
 + Level 4.2 Armour
 + Level 1.3 Dodging
 + Level 0.3 Stealth
 + Level 5.3 Shields


You had 6 spell levels left.
You didn't know any spells.
Your spell library contained the following spells:

 Spells                   Type           Power      Damage    Failure   Level
 Magic Dart               Conj           0%         1d3       95%         1
 Call Imp                 Summ           0%         N/A       99%         2
 Slow                     Hex            0%         N/A       99%         2
 Conjure Flame            Conj/Fire      0%         6-21      100%        3
 Mephitic Cloud           Conj/Pois/Air  0%         N/A       100%        3
 Blink                    Tloc           Unusable   N/A       N/A         2

Dungeon Overview and Level Annotations

Branches:
Dungeon (9/15)
 Temple: D:4-7         Lair: D:8-11         Orc: D:9-12

Altars:
Qazlal
Wu Jian
The Shining One

Annotations:
D:8 Grum, Maurice, Psyche


Innate Abilities, Weirdness & Mutations

You cannot be hasted, slowed, berserked, paralysed or teleported.
You can dig through walls and to a lower floor.
You have a pair of large antennae on your head. (SInv)
Your four strong arms can wield two-handed weapons with a shield.


Message History

You barely miss the orc warrior. You block the orc warrior's attack.
You hit the orc warrior but do no damage.
You block the orc warrior's attack.
You completely miss the orc warrior.
The orc warrior hits you with a +0 hand axe!
You hit the orc warrior.
The orc warrior is lightly wounded.
The orc warrior hits you with a +0 hand axe.
You hit the orc warrior but do no damage.
The orc warrior is lightly wounded.
The orc warrior hits you with a +0 hand axe!
You hit the orc warrior.
The orc warrior is moderately wounded.
You block the orc warrior's attack.
You completely miss the orc warrior.
The orc warrior is moderately wounded.
The orc warrior hits you with a +0 hand axe!
You hit the orc warrior.
The orc warrior is heavily wounded.
You block the orc warrior's attack.
You hit the orc warrior but do no damage.
The orc warrior is heavily wounded.
You block the orc warrior's attack.
You hit the orc warrior.
The orc warrior is heavily wounded.
You block the orc warrior's attack.
You hit the orc warrior.
The orc warrior is severely wounded.
The orc warrior hits you with a +0 hand axe.
You hit the orc warrior but do no damage.
The orc warrior is severely wounded.
You block the orc warrior's attack. x2
You hit the orc warrior.
The orc warrior is severely wounded.
The orc warrior hits you with a +0 hand axe!
* * * LOW HITPOINT WARNING * * *
You hit the orc warrior.
The orc warrior is severely wounded.
The orc warrior hits you with a +0 hand axe!
You die...

#.. #.#
#.# #.#
## #.#
..$.###.#
..{.....#
#o# #@#
#.# #.#
.#. # #


You could see an orc warrior.

Vanquished Creatures
  A phantom (D:8)
  A bullfrog (D:8)
  2 scorpions (D:8)
  A hound (D:9)
  Jessica (D:3)
  Robin (D:3)
  6 adders
  2 orcs
  9 ball pythons
  A giant cockroach (D:1)
  8 goblins
  11 hobgoblins
  5 jackals
  7 oozes
  2 quokkas
  5 bats
  5 frilled lizards
  4 kobolds
  3 rats
75 creatures vanquished.

Notes
Turn   | Place    | Note
-------+----------+-------------------------------------------
     0 | D:1      | DarkShadow the Formicid Fighter began the quest for the
                  | Orb.
     0 | D:1      | Reached XP level 1. HP: 18/18 MP: 1/1
   213 | D:1      | Reached XP level 2. HP: 21/24 MP: 2/2
   324 | D:1      | Reached skill level 4 in Shields
   364 | D:1      | Reached XP level 3. HP: 30/30 MP: 3/3
   881 | D:1      | You fall into a shaft and drop 1 floor!
  1069 | D:2      | Found a stormy altar of Qazlal.
  1069 | D:2      | Found an ornate altar of the Wu Jian Council.
  1069 | D:2      | Found a glowing golden altar of the Shining One.
  1082 | D:2      | Became a worshipper of the Shining One
  1451 | D:2      | Reached XP level 4. HP: 37/37 MP: 4/4
  1580 | D:3      | Noticed Jessica
  1585 | D:3      | Killed Jessica
  1697 | D:3      | Reached skill level 1 in Dodging
  1988 | D:3      | Reached XP level 5. HP: 40/42 MP: 5/5
  2068 | D:3      | Noticed Robin
  2077 | D:3      | Killed Robin
  2344 | D:3      | Noticed a water moccasin
  2352 | D:3      | You fall into a shaft and drop 3 floors!
  2352 | D:6      | Noticed an orc warrior
  2352 | D:6      | Reached * piety under the Shining One
  2355 | D:6      | You fall into a shaft and drop 3 floors!
  2649 | D:8      | Reached XP level 6. HP: 39/48 MP: 6/6
  2767 | D:8      | Reached skill level 5 in Shields
  2784 | D:8      | HP: 2/48 [poisoned by a scorpion]
  3184 | D:8      | Reached skill level 1 in Polearms
  3184 | D:8      | Reached XP level 7. HP: 14/55 MP: 7/7
  3438 | D:8      | Noticed Psyche
  3438 | D:8      | Noticed Grum
  3451 | D:8      | Noticed Maurice
  3455 | D:8      | You fall into a shaft and drop 2 floors!
  3455 | D:10     | Entered Level 10 of the Dungeon
  3462 | D:10     | Noticed a wraith
  3470 | D:10     | Noticed a steam dragon
  3487 | D:10     | You fall into a shaft and drop 2 floors!
  3792 | D:12     | Mangled by an orc warrior

Illustrated notes

Levels and vault maps discovered:
D:1:      minmay_arrival_doors, layout_basic
D:2:      layout_loops_cross, chequers_temple_overflow_statue_of_worship
D:3:      layout_loops_corners, uniq_jessica, uniq_robin
D:6:      layout_loops_ring, nzn_hepliaklqana_mist_gate
D:8:      layout_rooms, serial_shops, shop_statue, uniq_psyche, uniq_grum,
          uniq_maurice
D:9:      layout_loops_ring, general_overflow_altar,
          chequers_temple_overflow_minitemple, david_lair_generic, david_orc_4,
          serial_shops, nicolae_shop_stone, nicolae_shop_stone,
          nicolae_shop_window_shopping, kennysheep_mini_moat,
          kennysheep_small_spiral
D:10:     layout_loops_corners, st_stairs_3, grunt_livestock,
          nicolae_lava_and_water
D:12:     layout_loops_ring, serial_ice, serial_ice_n, serial_ice_k,
          serial_ice_b, serial_ice_e, serial_ice_d,
          chequers_guarded_unrand_ignorance

Skill      XL: |  1  2  3  4  5  6 |
---------------+-------------------+-----
Shields        | 4 5 |  5.3
Axes           | 3 4 |  4.5
Dodging        | 1 |  1.3
Fighting       | 4 |  4.4
Armour         | 4 |  4.2
Polearms       | 1 |  1.3
Stealth        | |  0.3

Action                   |  1- 3 |  4- 6 |  7- 9 || total
-------------------------+-------+-------+-------++-------
Melee: War axe           |    87 |    79 |       ||   166
       Spear             |       |    60 |    18 ||    78
 Abil: Dig               |     2 |       |       ||     2
       Shaft Self        |     1 |     2 |     2 ||     5
  Use: Scroll            |       |     5 |       ||     5
       Potion            |       |     1 |       ||     1
Armor: Scale mail        |    61 |    37 |     3 ||   101
Dodge: Dodged            |    46 |    53 |     2 ||   101
Block: Kite shield       |    61 |    75 |    17 ||   153

Table legend: (Time is in decaauts)
 A = Elapsed time spent in this place.
 B = Non-inter-level travel time spent in this place.
 C = Inter-level travel time spent in this place.
 D = Time resting spent in this place.
 E = Time spent auto-exploring this place.
 F = Levels seen in this place.
 G = Mean time per level.
                   A        B        C        D        E       F      G
               +--------+--------+--------+--------+--------+-----+--------+
         Total |   3882 |   3882 |      0 |   1609 |   1178 |   8 |  485.2 |
       Dungeon |   3882 |   3882 |      0 |   1609 |   1178 |   8 |  485.2 |
               +--------+--------+--------+--------+--------+-----+--------+

Top non-repeatable levels by time:
     D:1: 909 daAuts
     D:8: 823 daAuts
     D:3: 805 daAuts
     D:2: 718 daAuts
    D:12: 306 daAuts
     D:9: 285 daAuts
    D:10: 31 daAuts
     D:6: 2 daAuts
